 Dungeon Crawl Stone Soup version 0.31-a0-859-g9dce7d3444 (webtiles) character file.

Game seed: 476605486906029782

9629 croobank the Martial Artist (level 11, -5/80 HPs)
             Began as a Demonspawn Ice Elementalist on Oct 9, 2023.
             Was an Initiate of Ashenzari.
             Slain by a komodo dragon (18 damage)
             ... on level 1 of the Lair of Beasts on Oct 10, 2023.
             The game lasted 00:57:33 (14384 turns).

croobank the Martial Artist (DsIE)                 Turns: 14384, Time: 00:57:33

Health: -5/80      AC: 14    Str:  9    XL:     11   Next: 25%
Magic:  1/20       EV: 12    Int: 20    God:    Ashenzari [......]
Gold:   625        SH:  0    Dex: 14    Spells: 11/23 levels left

rFire   . .          .
                       - Unarmed
rCold   + . .        (no shield)
rNeg    . . .        M - +2 acid dragon scales "Visionary Negation" {rCorr, Fort, Comp} (curse)
rPois   .            (helmet restricted)
rElec   .            (no cloak)
rCorr   +            (gloves unavailable)
SInv    .            E - +0 pair of boots
Will    .....        (no amulet)
Stlth   +++          u - ring of protection from cold
HPRegen 0.33/turn    (no ring)
MPRegen 0.17/turn

%: no passive effects
@: ice-armoured, very slightly contaminated
A: claws 3, horns 1, foul stench 1, spiny 1, weakness stinger 1
a: Renounce Religion, Curse Item, Shatter the Chains


You were on level 1 of the Lair of Beasts.
You worshipped Ashenzari.
Ashenzari was noncommittal.
You visited 2 branches of the dungeon, and saw 12 of its levels.

You collected 715 gold pieces.
You spent 90 gold pieces at shops.

Inventory:

Hand Weapons
 a - a +2 dagger of venom
 b - a +0 war axe
 q - a +2 dagger of flaming
 x - a +0 broad axe
 A - a +2 trident of freezing
 B - a +1 vampiric dagger
 C - a +0 long sword
 F - a +5 scimitar
 K - a +0 antimagic hand axe
Missiles
 e - 12 poisoned darts
 l - a curare-tipped dart
 s - 6 javelins (quivered)
Armour
 m - a +1 buckler
 p - a +0 robe
 t - a +0 leather armour
 y - the +8 chain mail of the Changing Gods {Harm rC++ Int+4}
   (You found it on level 7 of the Dungeon)

   Int+4:     It affects your intelligence (+4).
   rC++:      It greatly protects you from cold.
   Harm:      It increases damage dealt and taken.
 E - a +0 pair of boots (worn)
 L - the +0 robe "Coul" {rElec Int+3}
   (You found it on level 1 of the Lair of Beasts)

   Int+3:     It affects your intelligence (+3).
   rElec:     It insulates you from electricity.
 M - the cursed +2 acid dragon scales "Visionary Negation" (worn) {rCorr, Fort, Comp}
   (You found it on level 10 of the Dungeon)

   rCorr:     It protects you from acid and corrosion.
   It has a curse which improves the following skills: Fortitude: Armour and
   Shields.
   Companions: Summonings and Necromancy.
Jewellery
 u - a ring of protection from cold (left claw)
Talismans
 f - a beast talisman
Wands
 n - a wand of flame (39)
 z - a wand of digging (5)
 D - a wand of roots (3)
 I - a wand of polymorph (6)
Scrolls
 g - 6 scrolls of teleportation
 h - a scroll of amnesia
 o - 3 scrolls of vulnerability
 w - a scroll of poison
Potions
 c - 2 potions of curing
 d - a potion of resistance
 i - 3 potions of mutation
 j - 6 potions of brilliance
 k - a potion of enlightenment
 v - a potion of ambrosia
 G - a potion of berserk rage {unknown}
 N - a potion of haste {unknown}
Miscellaneous
 H - a phial of floods


   Skills:
 + Level 5.4 Fighting
 + Level 1.6(2.0) Armour
 - Level 4.7 Dodging
 - Level 5.1 Stealth
 + Level 4.2(4.6) Shields
 + Level 9.1 Unarmed Combat
 * Level 6.6 Spellcasting
 - Level 5.5 Ice Magic
 + Level 3.8 Air Magic
 + Level 4.2 Poison Magic


You had 11 spell levels left.
You knew the following spells:

 Your Spells              Type           Power      Damage    Failure   Level
a - Freeze                Ice            100%       1d10      1%          1
b - Frozen Ramparts       Ice            58%        1d9       4%          3
c - Ozocubu's Armour      Ice            29%        N/A       4%          3
d - Poisonous Vapours     Pois/Air       44%        N/A       4%          2
e - Mephitic Cloud        Conj/Pois/Air  17%        N/A       16%         3

Your spell library contained the following spells:

 Spells                   Type           Power      Damage    Failure   Level
 Kiss of Death            Conj/Necr      24%        2d7       16%         1
 Magic Dart               Conj           24%        1d4       17%         1
 Sandblast                Erth           12%        2d6       17%         1
 Call Imp                 Summ           12%        N/A       24%         2
 Sublimation of Blood     Necr           6%         N/A       24%         2
 Lesser Beckoning         Tloc           12%        N/A       26%         2
 Passwall                 Tmut/Erth      5%         N/A       26%         2
 Scorch                   Fire           12%        2d5       26%         2
 Wereblood                Tmut           6%         N/A       26%         2
 Confusing Touch          Hex            6%         N/A       45%         3
 Gell's Gravitas          Tloc           6%         N/A       45%         3
 Stone Arrow              Conj/Erth      12%        3d7       45%         3
 Teleport Other           Tloc           6%         N/A       45%         3
 Volatile Blastmotes      Fire/Tloc      12%        2d11      45%         3
 Summon Ice Beast         Ice/Summ       17%        N/A       45%         4
 Freezing Cloud           Conj/Ice/Air   9%         6-21      77%         5
 Animate Armour           Summ/Erth      12%        N/A       85%         4
 Dispel Undead            Necr           6%         3d8       85%         4
 Brom's Barrelling Bould  Conj/Erth      6%         2d3       86%         4
 Sticky Flame             Conj/Fire      6%         2d3       86%         4
 Plasma Beam              Fire/Air       7%         2x1d17    100%        6
 Summon Hydra             Summ           3%         N/A       100%        7
 Lehudib's Crystal Spear  Conj/Erth      3%         10d2      100%        8


Dungeon Overview and Level Annotations

Branches:
Dungeon (11/15)            Temple (0/1) D:5            Lair (1/5) D:9
    Orc (0/2) D:10

Altars:
Ashenzari
Fedhas
Hepliaklqana
Kikubaaqudgha
Makhleb
Qazlal
Uskayaw
Vehumet
Xom

Shops:
D:1 :

Annotations:
D:8 Gastronok, Pikel
D:9 exclusion: statue


Innate Abilities, Weirdness & Mutations

You have claws for hands.
You have a pair of small horns on your head.
You may rarely emit foul miasma when damaged in melee.
You are partially covered in sharp spines.
You have a small tail.


Message History

The grasping roots constrict the komodo dragon, but do no damage.
The grasping roots constrict the komodo dragon.
The wall freezes the komodo dragon but does no damage.
The wall freezes the komodo dragon.
The komodo dragon seems to slow down.
The komodo dragon escapes!
Aiming: Fastroot
Press: ? - help, Shift-Dir - straight line The roots erupt in riotous growth!
Roots grab the komodo dragon.
The komodo dragon is unaffected.
The grasping roots constrict the komodo dragon.
The grasping roots constrict the komodo dragon!
The roots release their grip on the komodo dragon.
The wall freezes the komodo dragon!
You kill the komodo dragon!
You claw the komodo dragon!
The komodo dragon is heavily wounded.
The frozen ramparts melt away.
The grasping roots constrict the komodo dragon.
The komodo dragon bites you!!
* * * LOW HITPOINT WARNING * * *
Casting: Mephitic Cloud (dangerous; 16% risk of failure)
Confirm with . or Enter, or press ? or * to list all spells.
You don't have enough magic to cast this spell.
You scratch the komodo dragon but do no damage.
The komodo dragon is severely wounded.
The grasping roots constrict the komodo dragon.
The roots release their grip on the komodo dragon.
You closely miss the komodo dragon. Your headbutt misses the komodo dragon.
The komodo dragon is severely wounded.
The komodo dragon bites you.
* * * LOW HITPOINT WARNING * * *
Aiming: Fastroot
Press: ? - help, Shift-Dir - straight line The roots erupt in riotous growth!
Roots grab the komodo dragon.
The grasping roots constrict the komodo dragon.
The komodo dragon is struck by your spines.
The komodo dragon bites you!!
You die...

.#### .l.# ##
...###
#.##....### #
####....#...#.#
#@#............
##l............
#..........[..
#............#
#.............
#.............
#..............
#..............
#..............


You could see a komodo dragon (slow, rooted).

Vanquished Creatures
  A two-headed ogre (D:10)
  A black mamba (Lair:1)
  A komodo dragon (Lair:1)
  A kobold demonologist (D:10)
  3 hornets
  11 yaks
  4 wyverns (D:9)
  A steam dragon (D:10)
  2 basilisks
  A warg (D:10)
  An acid dragon (D:10)
  6 water moccasins
  4 orc warriors
  A sky beast (D:7)
  3 ice beasts
  2 ogres
  4 centaurs
  2 phantoms
  3 kobold brigands
  4 bullfrogs
  5 scorpions
  14 wights
  3 killer bees (D:7)
  2 electric eels (D:4)
  2 howler monkeys (D:9)
  2 jellies
  5 hounds
  6 orc priests
  3 iguanas
  11 orc wizards
  7 adders
  8 gnolls
  2 white imps
  2 worms
  5 dart slugs
  44 orcs
  2 bats (D:2)
  8 endoplasms
  6 giant cockroaches
  13 goblins
  8 hobgoblins
  4 jackals (D:2)
  4 quokkas
  4 ball pythons
  A frilled lizard (D:1)
  18 kobolds
  23 rats
268 creatures vanquished.

Notes
Turn   | Place    | Note
-------+----------+-------------------------------------------
     0 | D:1      | croobank the Demonspawn Ice Elementalist began the quest
                  | for the Orb.
     0 | D:1      | Reached XP level 1. HP: 13/13 MP: 3/3
   260 | D:1      | Discovered your monstrous ancestry.
   260 | D:1      | Gained mutation: You have sharp fingernails. [demonic
                  | ancestry]
   260 | D:1      | Reached XP level 2. HP: 4/19 MP: 1/5
   892 | D:1      | Found Geudauw's Book Emporium.
  1035 | D:1      | Reached XP level 3. HP: 21/24 MP: 4/6
  1039 | D:1      | Learned a level 3 spell: Frozen Ramparts
  1145 | D:2      | Found a faded altar of an unknown god.
  1207 | D:2      | Prayed at the altar of an unknown god.
  1207 | D:2      | Became a worshipper of Ashenzari the Shackled
  1384 | D:2      | Gained mutation: You may rarely emit foul miasma when
                  | damaged in melee. [demonic ancestry]
  1384 | D:2      | Reached XP level 4. HP: 27/30 MP: 3/7
  2385 | D:3      | Identified the +3 helmet "Eduheafo" {Fly rElec rC- Will+++}
  2996 | D:3      | Learned a level 3 spell: Ozocubu's Armour
  3121 | D:3      | Found a hazy altar of Hepliaklqana.
  3178 | D:4      | Found a transporter.
  3200 | D:4      | Found a transporter.
  3234 | D:4      | Reached XP level 5. HP: 34/36 MP: 9/9
  3244 | D:4      | Reached skill level 1 in Fighting
  3313 | D:4      | Reached skill level 1 in Shields
  3386 | D:4      | Gained mutation: You have very sharp fingernails. [demonic
                  | ancestry]
  3386 | D:4      | Reached XP level 6. HP: 43/43 MP: 6/10
  3533 | D:4      | Found an ancient bone altar of Kikubaaqudgha.
  4052 | D:5      | Entered Level 5 of the Dungeon
  4127 | D:5      | Found a blossoming altar of Fedhas.
  4460 | D:5      | Reached XP level 7. HP: 14/50 MP: 7/12
  4971 | D:5      | Found a staircase to the Ecumenical Temple.
  5425 | D:5      | Reached skill level 5 in Ice Magic
  5650 | D:6      | Gained mutation: You have claws for hands. [demonic
                  | ancestry]
  5650 | D:6      | Reached XP level 8. HP: 58/58 MP: 14/14
  6005 | D:6      | Found a shimmering altar of Xom.
  6007 | D:6      | Found a shimmering altar of Xom.
  6007 | D:6      | Found a shimmering altar of Xom.
  6007 | D:6      | Found a shimmering altar of Xom.
  6008 | D:6      | Found a shimmering altar of Xom.
  6441 | D:6      | Found a shimmering altar of Xom.
  6441 | D:6      | Found a shimmering altar of Xom.
  7416 | D:6      | Reached skill level 5 in Stealth
  7724 | D:7      | Identified the +8 chain mail of the Changing Gods {Harm
                  | rC++ Int+4}
  7934 | D:7      | Reached skill level 1 in Unarmed Combat
  7939 | D:7      | Reached skill level 2 in Unarmed Combat
  8081 | D:7      | Gained mutation: You have a small tail. [demonic ancestry]
  8081 | D:7      | Reached XP level 9. HP: 65/65 MP: 12/16
  8443 | D:7      | Reached skill level 3 in Unarmed Combat
  8701 | D:7      | Reached skill level 4 in Unarmed Combat
  9227 | D:8      | Noticed Pikel
  9266 | D:8      | Noticed Gastronok
  9335 | D:8      | Reached skill level 5 in Unarmed Combat
  9509 | D:8      | Got an inconspicuous book
  9516 | D:8      | Found a hide-covered altar of Uskayaw.
  9521 | D:8      | Found a burning altar of Makhleb.
  9569 | D:9      | Reached skill level 6 in Unarmed Combat
  9583 | D:9      | Reached skill level 7 in Unarmed Combat
  9841 | D:9      | Reached skill level 8 in Unarmed Combat
  9841 | D:9      | Gained mutation: You are partially covered in sharp spines.
                  | [demonic ancestry]
  9841 | D:9      | Reached XP level 10. HP: 66/71 MP: 10/17
  9953 | D:9      | Learned a level 2 spell: Poisonous Vapours
  9963 | D:9      | Found a staircase to the Lair.
 10141 | D:9      | Found a radiant altar of Vehumet.
 10261 | D:9      | Reached skill level 1 in Poison Magic
 10605 | D:9      | Reached skill level 5 in Spellcasting
 10605 | D:9      | Reached skill level 1 in Air Magic
 10812 | D:9      | Found a broken altar of Ashenzari.
 11047 | D:9      | Found a stormy altar of Qazlal.
 11304 | D:9      | Found Zin's Purification Station.
 11495 | D:9      | Bought a potion of curing for 90 gold pieces
 11947 | D:10     | Entered Level 10 of the Dungeon
 12868 | D:10     | Paralysed by a hornet for 1 turns
 13098 | D:10     | Found a staircase to the Orcish Mines.
 13214 | D:10     | Reached skill level 5 in Fighting
 13225 | D:10     | Reached skill level 9 in Unarmed Combat
 13275 | D:10     | Gained mutation: You have a pair of small horns on your
                  | head. [demonic ancestry]
 13275 | D:10     | Reached XP level 11. HP: 68/79 MP: 14/20
 13367 | D:10     | Noticed a fire crab
 13422 | D:10     | Noticed a two-headed ogre
 13428 | D:10     | Learned a level 3 spell: Mephitic Cloud
 13436 | D:10     | Killed a two-headed ogre
 13437 | D:10     | Reached skill level 1 in Armour
 13891 | Lair:1   | Entered Level 1 of the Lair of Beasts
 14045 | Lair:1   | Identified the +0 robe "Coul" {rElec Int+3}
 14247 | Lair:1   | Noticed a catoblepas
 14286 | Lair:1   | Noticed a catoblepas
 14384 | Lair:1   | Slain by a komodo dragon

Illustrated notes

Levels and vault maps discovered:
D:1:      dpeg_arrival_morbid_curiosity, layout_basic, serial_shops, shop
D:2:      layout_loops_ring, chequers_ecumenical_altar_lobes,
          minmay_indecisive_spiral
D:3:      kennysheep_six_static_rooms, layout_basic, lemuel_crystal_altar,
          dk_noncrumbling_4, kennysheep_pointless_box, minmay_rat_hole
D:4:      gammafunk_steamed_eel, layout_basic, kiku_gazebo_garden_becter
D:5:      layout_cave_pools, fedhas_altar_decomposition,
          nicolae_elyvilon_temple_path, temple_green, minmay_crystal_room
D:6:      layout_basic, nicolae_xom_altar_mimics
D:7:      layout_basic
D:8:      nzn_winding_woodlands_medium [nzn_winding_woodlands_5x5_open_star,
          nzn_winding_woodlands_5x15_garden, nzn_winding_woodlands_5x5_cross,
          nzn_winding_woodlands_5x5_three,
          nzn_winding_woodlands_center_triple_pond,
          nzn_winding_woodlands_5x5_closed_star,
          nzn_winding_woodlands_hourglass,
          nzn_winding_woodlands_5x15_river_crossing,
          nzn_winding_woodlands_5x5_perimeter], layout_cave_pools,
          mainiacjoe_overflow_cross_hatched, lemuel_crystal_altar,
          mainiacjoe_overflow_small_starburst, overflow_temple_1_default,
          nrook_mini_vaults, uniq_jeremiah, uniq_pikel, uniq_gastronok
D:9:      layout_loops_corners, vehumet_statue, zin_purify,
          mainiacjoe_overflow_brackets, nicolae_qazlal_scattered_showers,
          minmay_lair_entry_grove
D:10:     layout_basic, tso_metal_star, erik_orc_3, wad_dig_loot
D:11:     layout_long_grid, gauntlet_entry_generic, serial_undead,
          serial_undead_e, serial_undead_e, serial_undead_b, serial_undead_d,
          serial_undead_d, serial_undead_c, serial_undead_b, serial_undead_c,
          minmay_st_funbox, nicolae_elevator_lobby_plus
Lair:1:   layout_cave_pods

Skill      XL: |  1  2  3  4  5  6  7  8  9 10 11 |
---------------+----------------------------------+-----
Stealth        | 2 3 4 5 |  5.1
Dodging        | 2 3 4 |  4.7
Ice Magic      | 4 5 |  5.5
Spellcasting   | 3 4 6 |  6.6
Fighting       | 1 2 3 4 5 |  5.4
Shields        | 1 2 3 4 |  4.2
Unarmed Combat | 2 8 9 |  9.1
Poison Magic   | 3 4 |  4.2
Air Magic      | 3 |  3.8
Armour         | 1 |  1.6

Action                     |  1- 3 |  4- 6 |  7- 9 | 10-12 || total
---------------------------+-------+-------+-------+-------++-------
  Melee: Dagger            |    45 |    84 |   186 |       ||   315
         Punch             |       |     2 |     5 |    11 ||    18
         Unarmed           |       |       |   128 |   159 ||   287
         Tailslap          |       |       |    22 |    36 ||    58
         Headbutt          |       |       |       |    14 ||    14
  Throw: Dart              |       |       |     4 |       ||     4
         Javelin           |       |       |       |     6 ||     6
   Cast: Freeze            |    29 |    20 |    13 |       ||    62
         Frozen Ramparts   |     4 |    18 |    32 |    27 ||    81
         Ozocubu's Armour  |       |     1 |    30 |    23 ||    54
         Poisonous Vapours |       |       |       |     8 ||     8
         Mephitic Cloud    |       |       |       |     8 ||     8
 Invoke: Curse Item        |       |       |       |     1 ||     1
  Evoke: Wand              |       |     4 |       |     4 ||     8
    Use: Potion            |     1 |       |     3 |     2 ||     6
         Scroll            |       |     7 |    10 |     8 ||    25
   Stab: Sleeping          |     7 |     6 |     6 |     4 ||    23
         Distracted        |       |       |     1 |     1 ||     2
         Confused          |       |       |       |     4 ||     4
 Armour: Robe              |    34 |    81 |   260 |    80 ||   455
         Acid dragon scale |       |       |       |    42 ||    42
  Dodge: Dodged            |    48 |    96 |   279 |    81 ||   504

Table legend: (Time is in decaauts)
 A = Elapsed time spent in this place.
 B = Non-inter-level travel time spent in this place.
 C = Inter-level travel time spent in this place.
 D = Time resting spent in this place.
 E = Time spent auto-exploring this place.
 F = Levels seen in this place.
 G = Mean time per level.
                   A        B        C        D        E       F      G
               +--------+--------+--------+--------+--------+-----+--------+
         Total |  14356 |  13843 |    513 |   4754 |   6458 |  12 | 1196.3 |
       Dungeon |  13867 |  13354 |    513 |   4568 |   6292 |  11 | 1260.6 |
          Lair |    489 |    489 |      0 |    186 |    166 |   1 |  489.0 |
               +--------+--------+--------+--------+--------+-----+--------+

Top non-repeatable levels by time:
     D:9: 2117 daAuts
     D:6: 2059 daAuts
    D:10: 1892 daAuts
     D:7: 1594 daAuts
     D:5: 1279 daAuts
     D:4: 1159 daAuts
     D:3: 1104 daAuts
     D:1: 1072 daAuts
     D:2: 1033 daAuts
     D:8: 534 daAuts
  Lair:1: 489 daAuts
    D:11: 19 daAuts
